 Dungeon Crawl Stone Soup version 0.29.1-13-g9f3cf754e1 (webtiles) character file.

Game seed: 12818650094603802264

2 growler the Vexing (level 1, 0/14 HPs)
             Began as a Demonspawn Wanderer on Feb 4, 2023.
             Was a Follower of Vehumet.
             Slain by a ball python (1 damage)
             ... on level 1 of the Dungeon.
             The game lasted 00:01:06 (528 turns).

growler the Vexing (Demonspawn Wanderer)             Turns: 528, Time: 00:01:07

Health: 0/14       AC:  2    Str: 14    XL:     1   Next: 33%
Magic:  3/3        EV:  8    Int: 15    God:    Vehumet [*.....]
Gold:   44         SH:  0    Dex:  8    Spells: 4/4 levels left

rFire   . . .      SeeInvis .   a - +0 dagger
rCold   . . .      Faith    .   (no shield)
rNeg    . . .      Spirit   .   d - +0 robe
rPois   .          Reflect  .   (no helmet)
rElec   .          Harm     .   (no cloak)
rCorr   .          Rampage  .   (no gloves)
Will    .....                   (no boots)
Stlth   +.........              (no amulet)
HPRegen 0.04/turn               (no ring)
MPRegen 0.08/turn               (no ring)

@: constricted
A: no striking features
a: Renounce Religion


You were on level 1 of the Dungeon.
You worshipped Vehumet.
Vehumet was aware of your devotion.
You visited 1 branch of the dungeon, and saw 1 of its levels.

You collected 44 gold pieces.

Inventory:

Hand Weapons
 a - a +0 dagger (weapon)
Missiles
 b - 11 poisoned darts (quivered)
Armour
 d - a +0 robe (worn)
Scrolls
 f - 3 scrolls of identify {unknown}
 g - a scroll of fog {unknown}
Potions
 c - a potion of curing
 e - a potion of invisibility {unknown}


   Skills:
 * Level 0.8 Fighting
 - Level 1.0 Throwing
 - Level 1.0 Dodging
 - Level 1.0 Stealth
 - Level 2.0 Spellcasting
 - Level 2.0 Hexes
 - Level 1.7 Ice Magic
 - Level 1.0 Evocations


You had 4 spell levels left.
You didn't know any spells.
Your spell library contained the following spells:

 Spells                   Type           Power      Damage    Failure   Level
 Sandblast                Erth           2%         2d4       22%         1
 Slow                     Hex            28%        N/A       10%         1
 Freeze                   Ice            24%        1d5       11%         1
 Ozocubu's Armour         Ice            6%         N/A       32%         3
 Inner Flame              Hex/Fire       4%         N/A       41%         3
 Summon Guardian Golem    Hex/Summ       4%         N/A       41%         3


Dungeon Overview and Level Annotations

Branches:
Dungeon (1/15)

Altars:
Vehumet


Message History

A hobgoblin comes into view.
There is a faded altar of an unknown god here.
You cannot tell which god this altar belongs to.
Convert to them anyway?
Okay, then.
You cannot tell which god this altar belongs to.
Convert to them anyway?
Vehumet accepts your prayer! Vehumet welcomes you!
You can now gain magical power from killing.
Vehumet offers you knowledge of Sandblast.
The ball python bites you. The ball python grabs you.
The ball python constricts you.
You hit the ball python but do no damage.
The ball python bites you but does no damage.
The ball python constricts you.
An endoplasm comes into view.
You closely miss the ball python. The ball python bites you.
The ball python constricts you.
You hit the ball python but do no damage.
The ball python bites you. The ball python constricts you.
You are too injured to fight recklessly!
You are too injured to fight recklessly!
You closely miss the ball python. The ball python bites you.
The ball python constricts you. The ball python barely misses you.
The ball python constricts you.
You hit the ball python but do no damage.
The ball python bites you.
* * * LOW HITPOINT WARNING * * *
The ball python constricts you.
* * * LOW HITPOINT WARNING * * *
Unknown command.
You hit the ball python.
The ball python is heavily wounded.
The ball python bites you.
* * * LOW HITPOINT WARNING * * *
The ball python constricts you.
Unknown command.
You hit the ball python but do no damage.
The ball python is heavily wounded.
The ball python bites you.
You die...

### ...## ###### .....##
#.(..# #######
...!...####....# ###...[.###
...............###.........##
#.........................
..g.###......................
. ###.JS......###.##.....
###.@_..###..........
..###########........
...#.................
........#............
..........###......##
........### ########
+#......# ##+###.# #.#
#########


You could see an endoplasm and a ball python.

Vanquished Creatures
  A ball python (D:1)
  An endoplasm (D:1)
2 creatures vanquished.

Notes
Turn   | Place    | Note
-------+----------+-------------------------------------------
     0 | D:1      | growler the Demonspawn Wanderer began the quest for the
                  | Orb.
     0 | D:1      | growler set off with the following items: a +0 dagger, 11
                  | poisoned darts, a potion of curing, a +0 robe; and the
                  | following spells available to memorise: Slow, Freeze,
                  | Ozocubu's Armour, Inner Flame, Summon Guardian Golem.
     0 | D:1      | Reached XP level 1. HP: 13/13 MP: 3/3
   497 | D:1      | Found a faded altar of an unknown god.
   520 | D:1      | Prayed at the altar of an unknown god.
   520 | D:1      | Became a worshipper of Vehumet
   520 | D:1      | Reached * piety under Vehumet
   520 | D:1      | Offered knowledge of Sandblast by Vehumet.
   528 | D:1      | Slain by a ball python

Illustrated notes

Levels and vault maps discovered:
D:1:      dpeg_arrival_round_b, layout_basic, hellmonk_ecumenical_altar_zigzags

Action                   || total
-------------------------++-------
Melee: Dagger            ||    16
Armor: Robe              ||     3
Dodge: Dodged            ||     3
